 Dungeon Crawl Stone Soup version 0.31-a0-214-gb37851dbb3 (webtiles) character file.

Game seed: 8783365533155026858

53 qw the Chopper (level 3, -6/23 HPs)
             Began as a Gargoyle Fighter on July 1, 2023.
             Blown up by Ijyb (15 damage)
             ... with a mindburst bolt
             ... on level 3 of the Dungeon.
             The game lasted 00:00:47 (2000 turns).

qw the Chopper (Gargoyle Fighter)                   Turns: 2000, Time: 00:00:48

Health: -6/23      AC: 14    Str: 21    XL:     3   Next: 89%
Magic:  3/3        EV: 10    Int:  8    God:
Gold:   182        SH:  4    Dex:  9    Spells: 2/2 levels left

rFire   . . .        Y - +0 war axe
rCold   . . .        c - +0 buckler
rNeg    + . .        f - +2 ring mail "Zedamadd" {-Cast +Blink rPois rCorr}
rPois   inf          (no helmet)
rElec   +            (no cloak)
rCorr   +            (no gloves)
SInv    .            (no boots)
Will    .....        j - amulet of faith Stlth
                     g - +4 ring of protection
HPRegen 0.23/turn    (no ring)
MPRegen 0.08/turn

%: no spellcasting, faith
@: no status effects
A: sickness immunity, AC +3, negative energy resistance 1, electricity
resistance, torment resistance 1, petrification resistance
a: Evoke Blink


You were on level 3 of the Dungeon.
You visited 1 branch of the dungeon, and saw 3 of its levels.

You collected 182 gold pieces.


Innate Abilities, Weirdness & Mutations

You are immune to sickness and miasma.
Your stone body is resilient. (AC +3)
You are immune to poison.
You resist negative energy. (rN+)
You are resistant to electric shocks. (rElec)
You are resistant to unholy torment.
You are immune to petrification.


   Skills:
 - Level 3.2 Fighting
 - Level 3.7 Axes
 + Level 0.0 Throwing
 - Level 3.2 Armour
 - Level 3.2 Shields


You had 2 spell levels left.
You didn't know any spells.
Your spell library was empty.

Inventory:

Hand Weapons
 i - a +0 whip
 Y - a +0 war axe (weapon)
Missiles
 b - 4 javelins
Armour
 c - a +0 buckler (worn)
 f - the +2 ring mail "Zedamadd" (worn) {-Cast +Blink rPois rCorr}
   (You found it on level 2 of the Dungeon)

   rPois:     It protects you from poison.
   +Blink:    It lets you blink.
   -Cast:     It prevents spellcasting.
   rCorr:     It protects you from acid and corrosion.
Jewellery
 g - a +4 ring of protection (left hand)
 j - an amulet of faith (around neck)
Scrolls
 a - a scroll of teleportation
 h - 2 scrolls of identify
Potions
 d - a potion of might

Dungeon Overview and Level Annotations

Branches:
Dungeon (3/15)

Altars:

Annotations:
D:3 Ijyb


Message History

The adder bites you but does no damage. The adder barely misses you.
You barely miss the adder. The adder barely misses you.
The adder closely misses you.
You miss the adder. The adder barely misses you.
You barely miss the adder. The adder bites you but does no damage.
The adder barely misses you.
You slash the adder!
You kill the adder!
A giant cockroach comes into view.
You slash the giant cockroach!
You kill the giant cockroach!
You now have 182 gold pieces (gained 15).
Found a stone staircase leading up.
b - 4 javelins Ijyb the Twisted Goblin comes into view.
She is wielding a +0 club and carrying a wand of mindburst (15).
Ijyb screams, "Get away!"
1988 ||| Stepping ~*~*~tactically~*~*~ (hiding).
You start waiting.
Ijyb is nearby!
Ijyb barely misses you.
You closely miss Ijyb.
Ijyb zaps a wand.
Your mind is blasted!
Ijyb hits you but does no damage.
You slash Ijyb!
Ijyb is heavily wounded.
Ijyb hits you but does no damage.
You closely miss Ijyb.
Ijyb is heavily wounded.
Ijyb hits you but does no damage.
You barely miss Ijyb.
Ijyb is heavily wounded.
Ijyb closely misses you. x2
You hit Ijyb but do no damage.
Ijyb is heavily wounded.
You block Ijyb's attack.
You closely miss Ijyb.
Ijyb is heavily wounded.
Ijyb zaps a wand.
Your mind is blasted!
Ijyb zaps a wand.
Your mind is blasted!
Ouch! That really hurt!
You die...

#.# ... ..# #.# ##..
#.########.# ...
.........#.# #..
#.######.#.# ..
#.######.#.##### #.
#.#.............
#g##..........#####
#####.@........^#.##
#........##<######..#
#.######.##.######..#
#.##.##......#
#.##.##.####.#
#.##.##.## #.#
#.#..#...###.#
#.#.#........####
#................


You could see Ijyb.

Vanquished Creatures
  An adder (D:3)
  2 dart slugs (D:2)
  2 worms (D:2)
  A bat (D:2)
  2 endoplasms
  4 giant cockroaches
  A goblin (D:1)
  4 hobgoblins
  A quokka (D:1)
  3 ball pythons
  9 kobolds
  3 rats
33 creatures vanquished.

Notes
Turn   | Place    | Note
-------+----------+-------------------------------------------
     0 | D:1      | qw the Gargoyle Fighter began the quest for the Orb.
     0 | D:1      | Reached XP level 1. HP: 14/14 MP: 1/1
     0 | D:1      | 0 ||| qw: Version: 0.3-a-32-g5962c71
     0 | D:1      | 0 ||| qw: Game counter: 7543
     0 | D:1      | 0 ||| qw: Melee chars always use a shield: true
     0 | D:1      | 0 ||| qw: God list: Okawaru
     0 | D:1      | 0 ||| qw: Allow faded altars: false
     0 | D:1      | 0 ||| qw: Do Orc after clearing Dungeon:15 true
     0 | D:1      | 0 ||| qw: Do second Lair branch before Depths: true
     0 | D:1      | 0 ||| qw: Lair rune preference: random
     0 | D:1      | 0 ||| qw: Goals: Normal, Zot:1-4, Slime:5, God:TSO, Crypt,
                  | Tomb, Abyss, Pan, Hells, Win
     0 | D:1      | 0 ||| PLANNING D:1-11
   237 | D:1      | Reached XP level 2. HP: 19/19 MP: 2/2
   239 | D:1      | 239 ||| DROPPING +0 club.
   722 | D:1      | 722 ||| UPGRADING to +4 ring of protection.
   723 | D:1      | 723 ||| READING 2 scrolls labelled FUQADA XUSTROC.
   728 | D:1      | 728 ||| READING scroll labelled MIL QOACHYRR.
   741 | D:1      | 741 ||| READING scroll labelled VUNILA JYAP.
   870 | D:2      | Reached skill level 3 in Axes
   883 | D:2      | Identified the +2 ring mail "Zedamadd" {-Cast +Blink rPois
                  | rCorr}
  1001 | D:2      | Reached XP level 3. HP: 19/23 MP: 3/3
  1621 | D:2      | 1621 ||| Stepping ~*~*~tactically~*~*~ (hiding).
  1852 | D:2      | 1852 ||| UPGRADING to +2 ring mail "Zedamadd" {-Cast +Blink
                  | rPois rCorr}.
  1862 | D:2      | 1862 ||| DROPPING +0 scale mail.
  1863 | D:2      | 1863 ||| UPGRADING to amulet of faith.
  1868 | D:2      | 1868 ||| READING 2 scrolls labelled AMITITZ EMOSI.
  1869 | D:2      | 1869 ||| DROPPING scroll of noise.
  1912 | D:3      | 1912 ||| STAIRDANCE
  1987 | D:3      | Noticed Ijyb
  1988 | D:3      | 1988 ||| Stepping ~*~*~tactically~*~*~ (hiding).
  2000 | D:3      | Blown up by Ijyb

Levels and vault maps discovered:
D:1:      dpeg_arrival_houses_and_road, layout_loops_cross,
          kennysheep_pointless_box
D:2:      layout_basic, serial_forest, infiniplex_forest_lined_room_,
          infiniplex_forest_end_double, infiniplex_forest_straight_2,
          infiniplex_forest_lined_room_2, infiniplex_forest_lined_3,
          infiniplex_forest_corner_2, infiniplex_forest_lined_room_
D:3:      layout_loops_ring, kennysheep_generic_room_12, uniq_jessica, uniq_ijyb

Skill      XL: |  1  2 |
---------------+-------+-----
Axes           | 2 3 |  3.7
Fighting       | |  3.2
Armour         | |  3.2
Shields        | |  3.2

Action                     || total
---------------------------++-------
  Melee: War axe           ||   115
    Use: Scroll            ||     4
 Armour: Scale mail        ||    43
         Ring mail         ||     6
  Dodge: Dodged            ||    47
  Block: Buckler           ||    22

Table legend:
 A = Non-vault XP
 B = Vault XP
 C = Vault XP percentage of total XP
 D = Non-vault monster count
 E = Vault monster count
 F = Vault count percentage of total count
                 A         B        C        D         E       F
            +---------+---------+-------+---------+---------+-------
      Total |      77 |       0 |   0.0 |      33 |       0 |   0.0
            +---------+---------+-------+---------+---------+-------
        D:1 |      25 |       0 |   0.0 |      15 |       0 |   0.0
        D:2 |      37 |       0 |   0.0 |      16 |       0 |   0.0
        D:3 |      15 |       0 |   0.0 |       2 |       0 |   0.0
            +---------+---------+-------+---------+---------+-------
